 Dungeon Crawl Stone Soup version 0.27-a0-3-gcf006a40f5 (webtiles) character file.

Game seed: 7940427011402604903

21 jestyr24 the Conjurer (level 2, 0/20 HPs)
             Began as a Draconian Conjurer on Jan 1, 2021.
             Slain by a scorpion (10 damage)
             ... on level 2 of the Dungeon.
             The game lasted 00:07:23 (1356 turns).

jestyr24 the Conjurer (Draconian Conjurer)          Turns: 1356, Time: 00:07:24

Health: 0/20       AC:  6    Str:  9    XL:     2   Next: 62%
Magic:  0/5        EV: 12    Int: 24    God:
Gold:   74         SH:  0    Dex:  9    Spells: 2/5 levels left

rFire    x . .     SeeInvis .   n - +0 short sword (venom)
rCold    + . .     Faith    .   (no shield)
rNeg     . . .     Spirit   .   (armour unavailable)
rPois    .         Reflect  .   (helmet restricted)
rElec    .         Harm     .   (no cloak)
rCorr    .         Rampage  .   o - +0 pair of gloves
Will     .....                  p - +0 pair of boots
Stlth    ++........             (no amulet)
HPRegen  0.06/turn              f - +6 ring of intelligence
MPRegen  0.09/turn              m - ring of ice

@: no status effects
A: unfitting armour, cold-blooded, AC +4
a: no special abilities


You were on level 2 of the Dungeon.
You visited 1 branch of the dungeon, and saw 2 of its levels.

You collected 74 gold pieces.

Inventory:

Hand Weapons
 c - a +0 hand axe
 n - a +0 short sword of venom (weapon)
Missiles
 a - 2 atropa-tipped darts
 e - 79 stones
 l - 7 boomerangs (quivered)
Armour
 o - a +0 pair of gloves (worn)
 p - a +0 pair of boots (worn)
Jewellery
 f - a +6 ring of intelligence (left hand)
 m - a ring of ice (right hand)
Scrolls
 d - a scroll of teleportation {unknown}
 g - a scroll of noise {unknown}
 i - a scroll of identify {unknown}
 k - 2 scrolls of amnesia {unknown}
Potions
 b - a potion of brilliance {unknown}
 h - a potion of berserk rage {unknown}
 j - a potion of attraction {unknown}


   Skills:
 + Level 1.8 Dodging
 + Level 1.9 Stealth
 * Level 2.2 Spellcasting
 + Level 4.5 Conjurations


You had 2 spell levels left.
You knew the following spells:

 Your Spells              Type           Power        Failure   Level
a - Magic Dart            Conj           96%          1%          1
b - Searing Ray           Conj           48%          2%          2

Your spell library contained the following spells:

 Spells                   Type           Power        Failure   Level
 Dazzling Flash           Conj/Hex       26%          14%         3
 Fulminant Prism          Conj/Hex       6%           41%         4
 Iskenderun's Mystic Bla  Conj/Tloc      13%          41%         4


Dungeon Overview and Level Annotations

Branches:
Dungeon (2/15)

Altars:


Innate Abilities, Weirdness & Mutations

Your plain brown scales are hard. (AC +4)
You cannot fit into any form of body armour.
You are cold-blooded and may be slowed by cold attacks.


Message History

Confirm with . or Enter, or press ? or * to list all spells.
Aiming: Magic Dart (safe; 1% risk of failure)
Press: ? - help, Shift-Dir - straight line, f/p - scorpion
Aim: a scorpion (moderately wounded, 0% to evade)
The magic dart hits the scorpion but does no damage.
The scorpion is moderately wounded.
You barely miss the scorpion.
The scorpion is moderately wounded.
The scorpion stings you.
You closely miss the scorpion. You tail-slap the scorpion.
The scorpion is moderately wounded.
The scorpion stings you!
You barely miss the scorpion.
The scorpion is moderately wounded.
The scorpion closely misses you. The scorpion completely misses you.
You barely miss the scorpion.
The scorpion is moderately wounded.
The scorpion stings you!
Ouch! That really hurt!
You die...

.......#...#
.......###.#
.......# ..
######.###
## #...##
###..#
##.########
#........#
########@#
#s# #.. #...
..#)# .##..
. ### .<


You could see a scorpion.

Vanquished Creatures
  A dart slug (D:1)
  5 bats (D:1)
  A giant cockroach (D:1)
  A goblin (D:1)
  3 hobgoblins
  2 frilled lizards (D:1)
  2 kobolds (D:1)
  4 rats (D:1)
19 creatures vanquished.

Notes
Turn   | Place    | Note
-------+----------+-------------------------------------------
     0 | D:1      | jestyr24 the Draconian Conjurer began the quest for the
                  | Orb.
     0 | D:1      | Reached XP level 1. HP: 14/14 MP: 3/3
   541 | D:1      | Reached XP level 2. HP: 20/20 MP: 3/5
   572 | D:1      | Learned a level 2 spell: Searing Ray
  1344 | D:2      | Upgraded the game from 0.26-a0-1222-g14533b3512 to
                  | 0.27-a0-3-gcf006a40f5
  1346 | D:2      | Noticed a scorpion
  1356 | D:2      | Slain by a scorpion

Illustrated notes

Levels and vault maps discovered:
D:1:      sevenhm_arrival_forest_fort_small_3, layout_basic, minmay_fountain_box
D:2:      layout_rooms, nicolae_qazlal_style_of_elements, grunt_ministairs_14,
          uniq_terence

Action                   || total
-------------------------++-------
Melee: Hand axe          ||    15
       Tailslap          ||     3
       Unarmed           ||     1
       Short sword       ||    20
Throw: Boomerang         ||     5
 Cast: Magic Dart        ||    16
Armor: Skin              ||    21
Dodge: Dodged            ||    26

Table legend: (Time is in decaauts)
 A = Elapsed time spent in this place.
 B = Non-inter-level travel time spent in this place.
 C = Inter-level travel time spent in this place.
 D = Time resting spent in this place.
 E = Time spent auto-exploring this place.
 F = Levels seen in this place.
 G = Mean time per level.
                   A        B        C        D        E       F      G
               +--------+--------+--------+--------+--------+-----+--------+
         Total |   1361 |   1328 |     33 |    122 |    909 |   2 |  680.5 |
       Dungeon |   1361 |   1328 |     33 |    122 |    909 |   2 |  680.5 |
               +--------+--------+--------+--------+--------+-----+--------+

Top non-repeatable levels by time:
     D:1: 1332 daAuts
     D:2: 29 daAuts
